 Dungeon Crawl Stone Soup version 0.31-a0-167-g1c394c0614 (webtiles) character file.

Game seed: 4272818847355357034

40 qw the Shooter (level 3, -1/21 HPs)
             Began as a Gargoyle Hunter on June 14, 2023.
             Slain by Terence
             ... wielding a +5 hand axe of flaming
              (3 damage)
             ... on level 2 of the Dungeon.
             The game lasted 00:00:24 (842 turns).

qw the Shooter (Gargoyle Hunter)                     Turns: 842, Time: 00:00:25

Health: -1/21      AC:  8    Str: 14    XL:     3   Next: 50%
Magic:  3/3        EV: 11    Int:  9    God:
Gold:   60         SH:  0    Dex: 15    Spells: 2/2 levels left

rFire   . . .        Y - +0 shortbow
rCold   . . .        (shield currently unavailable)
rNeg    + . .        d - +0 ring mail
rPois   inf          (no helmet)
rElec   +            (no cloak)
rCorr   .            (no gloves)
SInv    .            (no boots)
Will    .....        (no amulet)
Stlth   +            (no ring)
HPRegen 0.23/turn    (no ring)
MPRegen 0.08/turn

%: no passive effects
@: no status effects
A: sickness immunity, AC +3, negative energy resistance 1, electricity
resistance, torment resistance 1, petrification resistance
a: no special abilities


You were on level 2 of the Dungeon.
You visited 1 branch of the dungeon, and saw 2 of its levels.

You collected 60 gold pieces.


Innate Abilities, Weirdness & Mutations

You are immune to sickness and miasma.
Your stone body is resilient. (AC +3)
You are immune to poison.
You resist negative energy. (rN+)
You are resistant to electric shocks. (rElec)
You are resistant to unholy torment.
You are immune to petrification.


   Skills:
 - Level 2.1 Fighting
 + Level 4.9 Ranged Weapons
 - Level 1.3 Armour
 - Level 1.5 Dodging
 - Level 1.1 Stealth


You had 2 spell levels left.
You didn't know any spells.
Your spell library was empty.

Inventory:

Hand Weapons
 Y - a +0 shortbow (weapon)
Armour
 d - a +0 ring mail (worn)
Scrolls
 b - a scroll of summoning {unknown}
 g - a scroll of poison {unknown}
 h - a scroll of brand weapon {unknown}
Potions
 a - a potion of degeneration {unknown}
 c - a potion of haste {unknown}
 e - a potion of attraction {unknown}
 f - a potion of brilliance {unknown}
 i - a potion of lignification {unknown}

Dungeon Overview and Level Annotations

Branches:
Dungeon (2/15)

Altars:

Annotations:
D:2 Terence


Message History

Enter note:
Enter note:
Found 3 javelins.
Enter note:
Enter note: You see here 3 javelins.
Found 6 stones.
Enter note:
Enter note: Terence the Incautious comes into view.
He is wielding a +5 hand axe of flaming and wearing a +2 scale mail of fire resistance.
Terence shouts!
Enter note:
Enter note: You shoot an arrow.
The arrow barely misses Terence.
A hobgoblin comes into view.
You shoot an arrow. The arrow barely misses Terence.
The hobgoblin shouts!
You shoot an arrow.
The arrow hits Terence but does no damage.
You shoot an arrow. The arrow barely misses Terence.
You shoot an arrow. The arrow hits Terence!
Terence is moderately wounded.
Terence says, "You're history."
Terence hits you with a +5 hand axe of flaming.
Terence burns you.
You shoot an arrow. The arrow barely misses Terence.
Terence barely misses you.
You shoot an arrow. The arrow hits Terence!
Terence is severely wounded.
Terence drinks a potion.
Terence is healed!
You shoot an arrow.
The arrow hits Terence but does no damage.
Terence is moderately wounded.
Terence hits you with a +5 hand axe of flaming!
Terence burns you.
You shoot an arrow. The arrow barely misses Terence.
Terence shouts, "ATTACK!!!"
Terence hits you with a +5 hand axe of flaming.
Terence burns you.
You die...

########## #........#
###########........#####
......................>#
##################.###.#
.....g@....##.#
.####@##.(..#
###.####..# #.....##..#
#####.##..# #.##..#
#.....# #####.# #.# #(#


You could see Terence and a hobgoblin.

Vanquished Creatures
  An adder (D:2)
  An endoplasm (D:2)
  A giant cockroach (D:1)
  4 goblins
  2 hobgoblins (D:1)
  3 jackals (D:1)
  3 quokkas (D:1)
  2 ball pythons
  3 bats
  2 frilled lizards (D:1)
  4 kobolds
  2 rats
28 creatures vanquished.

Notes
Turn   | Place    | Note
-------+----------+-------------------------------------------
     0 | D:1      | qw the Gargoyle Hunter began the quest for the Orb.
     0 | D:1      | Reached XP level 1. HP: 12/12 MP: 1/1
     0 | D:1      | 0 ||| qw: Version: 0.2-a-29-g1fa15c8
     0 | D:1      | 0 ||| qw: Game counter: 4959
     0 | D:1      | 0 ||| qw: Always use a shield: true
     0 | D:1      | 0 ||| qw: God list: Okawaru
     0 | D:1      | 0 ||| qw: Allow faded altars: false
     0 | D:1      | 0 ||| qw: Do Orc after D:15 true
     0 | D:1      | 0 ||| qw: Do second Lair branch before Depths: true
     0 | D:1      | 0 ||| qw: Lair rune preference: random
     0 | D:1      | 0 ||| qw: Plans: Normal, Zot:1-4, Slime:5, God:TSO, Crypt,
                  | Tomb, Abyss, Pan, Hells, Win
     0 | D:1      | 0 ||| PLANNING D:1-11
     1 | D:1      | Noticed an electric eel
   100 | D:1      | Reached XP level 2. HP: 17/17 MP: 2/2
   413 | D:1      | Reached XP level 3. HP: 20/21 MP: 3/3
   582 | D:1      | 582 ||| UPGRADING to +0 ring mail.
   592 | D:1      | 592 ||| DROPPING +0 leather armour.
   593 | D:1      | 593 ||| READING scroll labelled ZEMMEB XYGU.
   594 | D:1      | 594 ||| READING scroll labelled FADWOBRU WI FIU.
   595 | D:1      | 595 ||| READING scroll labelled FEKHLI ASUIMIA.
   596 | D:1      | 596 ||| DROPPING scroll of butterflies.
   682 | D:2      | Reached skill level 1 in Armour
   833 | D:2      | Noticed Terence
   842 | D:2      | HP: 2/21 [Terence/+5 hand axe of flaming (5)]
   842 | D:2      | Slain by Terence

Levels and vault maps discovered:
D:1:      arrival_aquarium_a, layout_basic
D:2:      layout_basic, uniq_terence

Skill      XL: |  1  2  3 |
---------------+----------+-----
Armour         | 1 |  1.3
Fighting       | |  2.1
Ranged Weapons | |  4.9
Dodging        | |  1.5
Stealth        | |  1.1

Action                     || total
---------------------------++-------
   Fire: Shortbow          ||   109
    Use: Scroll            ||     3
 Armour: Leather armour    ||    18
         Ring mail         ||     9
  Dodge: Dodged            ||    39

Table legend:
 A = Non-vault XP
 B = Vault XP
 C = Vault XP percentage of total XP
 D = Non-vault monster count
 E = Vault monster count
 F = Vault count percentage of total count
                 A         B        C        D         E       F
            +---------+---------+-------+---------+---------+-------
      Total |      58 |       0 |   0.0 |      28 |       0 |   0.0
            +---------+---------+-------+---------+---------+-------
        D:1 |      34 |       0 |   0.0 |      21 |       0 |   0.0
        D:2 |      24 |       0 |   0.0 |       7 |       0 |   0.0
            +---------+---------+-------+---------+---------+-------
